 Dungeon Crawl Stone Soup version 0.28.0-49-g6dfe1f597d (webtiles) character file.

Game seed: 4688576658415683275

455 Zeld the Chiller (level 7, -12/58 HPs)
             Began as a Ghoul Ice Elementalist on May 17, 2022.
             Mangled by Prince Ribbit (13 damage)
             ... on level 5 of the Dungeon.
             The game lasted 00:06:55 (5930 turns).

Zeld the Chiller (Ghoul Ice Elementalist)           Turns: 5930, Time: 00:06:56

Health: -12/58     AC:  3    Str: 12    XL:     7   Next: 5%
Magic:  7/11       EV: 12    Int: 12    God:
Gold:   127        SH:  0    Dex:  9    Spells: 1/12 levels left

rFire   . . .      SeeInvis .   (no weapon)
rCold   + . .      Faith    .   (no shield)
rNeg    + + +      Spirit   .   a - +0 robe
rPois   ∞          Reflect  .   k - +0 helmet
rElec   .          Harm     .   (no cloak)
rCorr   .          Rampage  .   (no gloves)
Will    +....                   (no boots)
Stlth   ++........              (no amulet)
HPRegen 0.00/turn               i - ring of willpower
MPRegen 0.12/turn               m - ring of flight

@: flying, inhibited regen
A: claws 1, cold resistance 1, negative energy resistance 3, inhibited
regeneration, torment resistance 2
a: no special abilities


You were on level 5 of the Dungeon.
You visited 2 branches of the dungeon, and saw 6 of its levels.

You collected 127 gold pieces.

Inventory:

Armour
 a - a +0 robe (worn)
 k - a +0 helmet (worn)
Jewellery
 i - a ring of willpower (left claw)
 m - a ring of flight (right claw)
Scrolls
 c - 3 scrolls of teleportation {unknown}
 d - 4 scrolls of identify {unknown}
 f - a scroll of holy word {unknown}
 j - a scroll of noise {unknown}
Potions
 b - 2 potions of attraction {unknown}
 e - 2 potions of curing {unknown}
 g - a potion of mutation {unknown}
 h - a potion of magic {unknown}
 l - a potion of heal wounds {unknown}
 n - a potion of lignification {unknown}
 o - a potion of berserk rage {unknown}


   Skills:
 * Level 3.6 Fighting
 + Level 2.7 Dodging
 + Level 3.4 Stealth
 * Level 3.4 Spellcasting
 * Level 5.8 Ice Magic


You had one spell level left.
You knew the following spells:

 Your Spells              Type           Power      Damage    Failure   Level
a - Freeze                Ice            64%        1d8       1%          1
b - Frozen Ramparts       Ice            32%        1d5       6%          3
c - Ozocubu's Armour      Ice            16%        N/A       6%          3
d - Hailstorm             Conj/Ice       9%         3d4       56%         4

Your spell library contained the following spells:

 Spells                   Type           Power      Damage    Failure   Level
 Summon Hydra             Summ           1%         N/A       100%        7
 Sublimation of Blood     Necr           Unusable   N/A       N/A         2
 Wereblood                Tmut           Unusable   N/A       N/A         2

Dungeon Overview and Level Annotations

Branches:
Dungeon (5/15)             Temple (1/1) D:5

Altars:
Ashenzari
Dithmenos
Fedhas
Hepliaklqana
Makhleb
Nemelex Xobeh
Okawaru
Qazlal
Ru
Trog
Uskayaw
Vehumet
Xom
Yredelemnul
The Shining One

Shops:
D:3 [   D:5 [

Annotations:
D:5 Prince Ribbit


Innate Abilities, Weirdness & Mutations

You thrive by killing the living.
You are immune to poison.
You have sharp fingernails.
Your flesh is cold resistant. (rC+)
You are immune to negative energy. (rN+++)
You do not regenerate when monsters are visible.
You are immune to unholy pain and torment.


Message History

Aiming: Freeze (safe; 1% risk of failure)
Press: ? - help, Shift-Dir - straight line, f - Prince Ribbit
Aim: Prince Ribbit (lightly wounded)
You freeze Prince Ribbit!
Prince Ribbit is moderately wounded.
Prince Ribbit seems to slow down.
The phantom completely resists.
The wall freezes the phantom but does no damage.
The wall freezes Prince Ribbit.
Prince Ribbit hits you!
* * * LOW HITPOINT WARNING * * *
Casting: Freeze (safe; 1% risk of failure)
Confirm with . or Enter, or press ? or * to list all spells.
Aiming: Freeze (safe; 1% risk of failure)
Press: ? - help, Shift-Dir - straight line, f/p - Prince Ribbit
Aim: Prince Ribbit (moderately wounded, slow)
You freeze Prince Ribbit.
Prince Ribbit is heavily wounded.
The phantom resists.
The wall freezes the phantom.
The wall freezes Prince Ribbit.
Prince Ribbit blinks!
The phantom completely resists.
The wall freezes the phantom but does no damage.
The phantom completely resists.
The wall freezes the phantom but does no damage.
The phantom hits you.
* * * LOW HITPOINT WARNING * * *
The phantom blinks!
You blink.
The frozen ramparts melt away as you move.
Prince Ribbit blinks!
You see here 8 gold pieces.
There is a stone staircase leading down here.
You closely miss the phantom. The phantom hits you.
* * * LOW HITPOINT WARNING * * *
The phantom blinks!
You blink.
Prince Ribbit blinks!
Prince Ribbit blinks!
Prince Ribbit hops awkwardly around.
You see here 8 gold pieces.
Prince Ribbit blinks!
Prince Ribbit blinks!
Prince Ribbit closely misses you. Prince Ribbit hits you!
You die...

#.##.#
#.##.#
#.##.#
#.##.#
#F# #.#
#.#
#§#######
#...W.@F#
#######.#
.# .# .#
.. .. .#


You could see Prince Ribbit and a phantom.

Vanquished Creatures
  2 scorpions (D:4)
  A jelly (D:4)
  A bullfrog skeleton (D:5)
  2 hounds
  An orc wizard (D:3)
  3 gnolls (D:2)
  A howler monkey skeleton (D:5)
  6 adders
  2 adder skeletons
  3 worms (D:2)
  6 dart slugs
  3 orcs
  6 ball pythons
  A bat (D:3)
  10 endoplasms
  3 giant cockroaches
  7 goblins
  4 hobgoblins
  2 frilled lizards (D:2)
  6 kobolds
  5 rats
75 creatures vanquished.

Notes
Turn   | Place    | Note
-------+----------+-------------------------------------------
     0 | D:1      | Zeld the Ghoul Ice Elementalist began the quest for the
                  | Orb.
     0 | D:1      | Reached XP level 1. HP: 14/14 MP: 2/2
   275 | D:1      | Reached XP level 2. HP: 17/22 MP: 1/3
   376 | D:1      | Reached skill level 1 in Fighting
   681 | D:1      | Found a faded altar of an unknown god.
   881 | D:2      | Reached XP level 3. HP: 24/28 MP: 2/5
   885 | D:2      | Learned a level 3 spell: Frozen Ramparts
  1825 | D:2      | Reached XP level 4. HP: 13/36 MP: 0/6
  1830 | D:2      | Learned a level 3 spell: Ozocubu's Armour
  2821 | D:2      | Reached skill level 5 in Ice Magic
  3219 | D:3      | Found a shadowy altar of Dithmenos.
  3381 | D:3      | Reached XP level 5. HP: 35/41 MP: 1/7
  3691 | D:3      | Found Tubangan's Antique Armour Boutique.
  3897 | D:3      | Found a hazy altar of Hepliaklqana.
  3898 | D:3      | Found a shimmering altar of Xom.
  3899 | D:3      | Noticed a spectral ugly thing
  4360 | D:4      | Reached XP level 6. HP: 51/51 MP: 2/9
  4967 | D:4      | Found a burning altar of Makhleb.
  4968 | D:4      | Noticed a necrophage
  5036 | D:5      | Entered Level 5 of the Dungeon
  5108 | D:5      | Found Jeuthruukh's Antique Armour Shoppe.
  5150 | D:5      | Found a staircase to the Ecumenical Temple.
  5160 | Temple   | Entered the Ecumenical Temple
  5577 | D:5      | Reached XP level 7. HP: 54/57 MP: 2/11
  5818 | Temple   | Learned a level 4 spell: Hailstorm
  5857 | D:5      | Found a sacrificial altar of Ru.
  5885 | D:5      | Noticed Prince Ribbit
  5903 | D:5      | HP: 1/58 [phantom (4)]
  5930 | D:5      | Mangled by Prince Ribbit

Illustrated notes

Levels and vault maps discovered:
D:1:      minmay_arrival_hallway, layout_rooms, ebering_ecumenical_altar_hall
D:2:      layout_basic
D:3:      layout_basic, nicolae_dithmenos_shadow_blocks,
          regret_index_temple_of_mockery, serial_shops, shop
D:4:      layout_loops_ring, makhleb_blood_cavern_becter
D:5:      layout_basic, nicolae_ru_path_of_blood,
          nicolae_sif_muna_little_library, minmay_temple_entry_junction,
          serial_shops, shop, nicolae_shop_window_shopping,
          nicolae_stop_n_shop_2, nicolae_shop_bloodbath_and_beyond,
          uniq_prince_ribbit1
Temple:   jpeg_temple_alley_garden

Skill      XL: |  1  2  3  4  5 |
---------------+----------------+-----
Spellcasting   | 2 3 |  3.4
Fighting       | 1 2 3 |  3.6
Dodging        | 2 |  2.7
Ice Magic      | 5 |  5.8
Stealth        | 3 |  3.4

Action                   |  1- 3 |  4- 6 |  7- 9 || total
-------------------------+-------+-------+-------++-------
Melee: Unarmed           |    36 |    68 |    13 ||   117
       Punch             |     1 |     3 |       ||     4
 Cast: Freeze            |    49 |    71 |     3 ||   123
       Frozen Ramparts   |     1 |     7 |     2 ||    10
       Hailstorm         |       |       |     1 ||     1
 Stab: Sleeping          |     3 |     4 |       ||     7
Armor: Robe              |     7 |    20 |     8 ||    35
Dodge: Dodged            |    40 |    78 |    18 ||   136
